 Dungeon Crawl Stone Soup version 0.30-a0-743-gbfdf073431 (webtiles) character file.

Game seed: 11315456688820287441

23 testman the Stinger (level 2, 0/19 HPs)
             Began as a Demonspawn Venom Mage on Feb 7, 2023.
             Slain by a worm (7 damage)
             ... on level 2 of the Dungeon.
             The game lasted 00:04:02 (960 turns).

testman the Stinger (Demonspawn Venom Mage)          Turns: 960, Time: 00:04:03

Health: 0/19       AC:  4    Str:  8    XL:     2   Next: 72%
Magic:  10/14      EV: 12    Int: 16    God:
Gold:   55         SH:  0    Dex: 13    Spells: 2/5 levels left

rFire   . . .      SeeInvis .    k - +0 dagger
rCold   . . .      Faith    .    (no shield)
rNeg    . . .      Spirit   .    a - +0 robe
rPois   +          Reflect  .    (no helmet)
rElec   .          Harm     .    (no cloak)
rCorr   .          Rampage  .    (no gloves)
Will    .....                    (no boots)
Stlth   ++                       (no amulet)
HPRegen 0.23/turn                c - ring of magical power
MPRegen 0.14/turn                m - ring of poison resistance

@: no status effects
A: molten scales 1
a: no special abilities


You were on level 2 of the Dungeon.
You visited 1 branch of the dungeon, and saw 2 of its levels.

You collected 55 gold pieces.

Inventory:

Hand Weapons
 d - a +0 whip
 k - a +0 dagger (weapon)
Armour
 a - a +0 robe (worn)
Jewellery
 c - a ring of magical power (left hand)
 m - a ring of poison resistance (right hand)
Scrolls
 e - a scroll of fear {unknown}
 h - a scroll of noise {unknown}
 l - a scroll of blinking {unknown}
 n - a scroll of identify {unknown}
Potions
 b - a potion of magic
 f - 2 potions of resistance {unknown}
 g - a potion of ambrosia {unknown}
 i - a potion of curing {unknown}
 j - a potion of brilliance {unknown}


   Skills:
 - Level 1.7 Dodging
 - Level 1.7 Stealth
 + Level 2.3 Spellcasting
 - Level 1.0 Transmutations
 + Level 1.0 Air Magic
 + Level 3.4 Poison Magic


You had 2 spell levels left.
You knew the following spells:

 Your Spells              Type           Power      Damage    Failure   Level
a - Sting                 Tmut/Pois      32%        1d4       9%          1
b - Poisonous Vapours     Pois/Air       18%        N/A       12%         2

Your spell library contained the following spells:

 Spells                   Type           Power      Damage    Failure   Level
 Mephitic Cloud           Conj/Pois/Air  6%         N/A       32%         3
 Olgreb's Toxic Radiance  Pois           12%        N/A       43%         4


Dungeon Overview and Level Annotations

Branches:
Dungeon (2/15)

Altars:


Innate Abilities, Weirdness & Mutations

You are partially covered in molten scales. (AC +2)


Message History

The sting hits the worm.
The worm looks even sicker.
The worm is moderately wounded.
Aiming: Sting (safe; 9% risk of failure)
Press: ? - help, Q - select action, (/) - cycle Shift-Dir - straight line, f/p - worm
Aim: a worm (heavily wounded, very poisoned, 89% to hit)
You miscast Sting.
You are very lightly contaminated with residual magic.
Nothing appears to happen.
You hit the worm.
The worm is heavily wounded.
You hit the worm but do no damage.
The worm is heavily wounded.
The worm closely misses you.
You barely miss the worm.
The worm is heavily wounded.
You hit the worm but do no damage.
The worm is heavily wounded.
The worm bites you!
You hit the worm.
The worm is heavily wounded.
The worm barely misses you.
You hit the worm.
The worm is heavily wounded.
Your magical contamination has completely faded away.
You hit the worm but do no damage.
The worm is heavily wounded.
The worm bites you.
You are too injured to fight recklessly!
Aiming: Sting (safe; 9% risk of failure)
Press: ? - help, Q - select action, (/) - cycle Shift-Dir - straight line, f/p - worm
Aim: a worm (severely wounded, poisoned, 89% to hit)
The sting hits the worm.
The worm looks even sicker.
The worm is severely wounded.
Aiming: Sting (safe; 9% risk of failure)
Press: ? - help, Q - select action, (/) - cycle Shift-Dir - straight line, f/p - worm
Aim: a worm (severely wounded, very poisoned, 89% to hit)
The sting hits the worm.
The worm looks even sicker.
The worm is almost dead.
The worm bites you!
You die...

########## .........#
.........#
.........############
...............)....#
....................####
.......w............'...
.......@...........†####
....................#
..........).........#
#########...........#
#...........#
#...........# #
#...........# #
############# # #


You could see a worm (very poisoned).

Vanquished Creatures
  A bat (D:1)
  3 endoplasms (D:1)
  A giant cockroach (D:1)
  7 jackals (D:1)
  3 ball pythons
  A frilled lizard (D:1)
  A kobold (D:2)
  3 rats
20 creatures vanquished.

Notes
Turn   | Place    | Note
-------+----------+-------------------------------------------
     0 | D:1      | testman the Demonspawn Venom Mage began the quest for the
                  | Orb.
     0 | D:1      | Reached XP level 1. HP: 13/13 MP: 3/3
    86 | D:1      | Reached skill level 1 in Transmutations
   241 | D:1      | Gained mutation: You are partially covered in molten
                  | scales. (AC +2) [demonic ancestry]
   241 | D:1      | Reached XP level 2. HP: 13/19 MP: 5/5
   244 | D:1      | Learned a level 2 spell: Poisonous Vapours
   267 | D:1      | Found a faded altar of an unknown god.
   745 | D:2      | Reached skill level 1 in Air Magic
   960 | D:2      | Slain by a worm

Illustrated notes

Levels and vault maps discovered:
D:1:      dpeg_arrival_lava_temple_mockup, layout_rooms,
          hellmonk_ecumenical_altar_heavens_door, kennysheep_nondescript,
          minmay_domino_2
D:2:      layout_basic

Skill      XL: |  1  2 |
---------------+-------+-----
Transmutations | 1 |  1.0
Air Magic      | 1 |  1.0
Dodging        | |  1.7
Stealth        | |  1.7
Spellcasting   | |  2.3
Poison Magic   | |  3.4

Action                     || total
---------------------------++-------
  Melee: Whip              ||    44
         Punch             ||     1
         Dagger            ||     8
   Cast: Sting             ||    30
 Armour: Robe              ||    14
  Dodge: Dodged            ||    47

Table legend: (Time is in decaauts)
 A = Elapsed time spent in this place.
 B = Non-inter-level travel time spent in this place.
 C = Inter-level travel time spent in this place.
 D = Time resting spent in this place.
 E = Time spent auto-exploring this place.
 F = Levels seen in this place.
 G = Mean time per level.
                   A        B        C        D        E       F      G
               +--------+--------+--------+--------+--------+-----+--------+
         Total |    962 |    875 |     87 |     13 |    684 |   2 |  481.0 |
       Dungeon |    962 |    875 |     87 |     13 |    684 |   2 |  481.0 |
               +--------+--------+--------+--------+--------+-----+--------+

Top non-repeatable levels by time:
     D:1: 723 daAuts
     D:2: 238 daAuts
